 Dungeon Crawl Stone Soup version 0.18-a0-1390-gc02854d (webtiles) character file.

521 gorblad the Ruffian (level 7, -6/71 HPs)
             Began as a Troll Monk on Feb 22, 2016.
             Mangled by an ogre
             ... wielding a +0 giant club
              (24 damage)
             ... on level 4 of the Dungeon.
             The game lasted 00:05:51 (1793 turns).

gorblad the Ruffian (Troll Monk)                    Turns: 1793, Time: 00:05:52

Health: -6/71      AC:  6    Str: 22    XL:     7   Next: 1%
Magic:  6/6        EV: 11    Int: 10    God:
Gold:   126        SH:  0    Dex: 12    Spells: 0 memorised, 6 levels left

rFire  . . .     SeeInvis .       - Unarmed
rCold  . . .     Gourm    +     j - +1 animal skin
rNeg   . . .     Faith    .     (no shield)
rPois  .         Spirit   .     (helmet restricted)
rElec  .         Dismiss  .     (no cloak)
rCorr  .         Reflect  .     (gloves unavailable)
SustAt .         Harm     .     (boots unavailable)
MR     .....     Rnd*Tele +     (no amulet)
Stlth  +.........               d - +4 ring of intelligence
                                c - ring of teleportation (curse)

@: hasted, very quick, not resistant to hostile enchantments, very unstealthy
A: unfitting armour, claws 3, fast metabolism 3, gourmand, regeneration 2,
shaggy fur 1, tough skin 2
a: no special abilities


You were on level 4 of the Dungeon.
You were completely stuffed.

You visited 1 branch of the dungeon, and saw 4 of its levels.

You collected 126 gold pieces.

Inventory:

Armour
 a - a +0 robe
 j - a +1 animal skin (worn)
Jewellery
 c - a cursed ring of teleportation (left claw)
 d - a +4 ring of intelligence (right claw)
 k - a +2 ring of intelligence
Scrolls
 h - a scroll of identify
 i - 2 scrolls of teleportation
 o - a scroll of blinking
 q - a scroll of magic mapping
Potions
 f - a potion of curing
 l - 2 potions of heal wounds {unknown}
 m - a potion of mutation {unknown}
 n - 4 potions of resistance
Comestibles
 b - 3 bread rations
 g - 3 meat rations
 p - 6 chunks of flesh


   Skills:
 * Level 4.3 Fighting
 * Level 4.6 Dodging
 - Level 1.1 Stealth
 + Level 5.3 Unarmed Combat


You had 6 spell levels left.
You didn't know any spells.

Dungeon Overview and Level Annotations

Branches:
Dungeon (4/15)
 Temple: D:4-7

Altars:
Elyvilon
Nemelex Xobeh
Pakellas
Ru
The Shining One

Shops:
D:4 }


Innate Abilities, Weirdness & Mutations

You are too large for most types of armour.
You have claws for hands.
Your metabolism is lightning-fast.
You like to eat raw meat.
You heal very quickly.
You are covered in fur (AC +1).
You have very tough skin (AC +2).


Message History

The hound skeleton bites you but does no damage.
The ogre hits you with a giant club.
You mangle the ogre!!
The ogre is almost dead.
The hound skeleton bites you. The scorpion barely misses you.
The ogre hits you with a giant club!
* * * LOW HITPOINT WARNING * * *
You are too injured to fight recklessly!
You are too injured to fight recklessly!
You are too injured to fight recklessly!
You are too injured to fight recklessly!
You are too injured to fight recklessly!
You are too injured to fight recklessly!
Drink which item? (? for menu, Esc to quit)
You feel better. The hound skeleton bites you.
* * * LOW HITPOINT WARNING * * *
The scorpion closely misses you. The hound skeleton closely misses you.
Drink which item? (? for menu, Esc to quit)
You feel yourself speed up. The ogre hits you with a giant club!!
You die...

############
#∩.........#
#..........#
#..........#
#.........(#
#....s.O...#
#....Z@....#
###!##.#####
##.##..#
#..###.#
##.## ..
#..# ##.
#.## #.# #..
#.# #.# #..
#.# #.## #
#..


You could see an ogre, a scorpion and a hound skeleton.

Vanquished Creatures
  Sigmund (D:2)
  A hound (D:4)
  A centaur skeleton (D:4)
  An iguana (D:4)
  Natasha (thrice) (D:2)
  3 worker ants (D:4)
  A hound zombie (D:4)
  Robin (D:2)
  4 adders
  2 worms
  A giant gecko (D:2)
  5 orcs (D:4)
  6 giant cockroaches
  13 goblins
  8 hobgoblins
  A jackal (D:3)
  6 kobolds
  2 ball pythons (D:1)
  5 bats
  A giant newt (D:1)
  2 jackal skeletons (D:4)
  4 rats
72 creatures vanquished.

Notes
Turn   | Place    | Note
--------------------------------------------------------------
     0 | D:1      | gorblad the Troll Monk began the quest for the Orb.
     0 | D:1      | Reached XP level 1. HP: 22/22 MP: 0/0
   170 | D:1      | Reached XP level 2. HP: 29/29 MP: 1/1
   566 | D:2      | Noticed Robin
   577 | D:2      | Killed Robin
   577 | D:2      | Reached XP level 3. HP: 31/36 MP: 2/2
   626 | D:2      | Noticed Natasha
   629 | D:2      | Killed Natasha
   629 | D:2      | Reached XP level 4. HP: 35/45 MP: 3/3
   668 | D:2      | Noticed Sigmund
   671 | D:2      | Noticed Natasha
   680 | D:2      | Killed Sigmund
   680 | D:2      | Reached XP level 5. HP: 28/54 MP: 4/4
   681 | D:2      | Killed Natasha
   774 | D:2      | Noticed Natasha
   777 | D:2      | Killed Natasha
   777 | D:2      | Reached XP level 6. HP: 62/62 MP: 5/5
   862 | D:2      | Found a sparkling altar of Nemelex Xobeh.
  1071 | D:2      | Found a sacrificial altar of Ru.
  1071 | D:2      | Found an oddly glowing altar of Pakellas.
  1076 | D:2      | Reached skill level 5 in Unarmed Combat
  1412 | D:3      | Found a white marble altar of Elyvilon.
  1553 | D:4      | Found a glowing golden altar of the Shining One.
  1667 | D:4      | Found Dogoahux's Gadget Emporium.
  1703 | D:4      | Reached XP level 7. HP: 9/71 MP: 6/6
  1793 | D:4      | Mangled by an ogre

Vault maps used:
D:1:      lightli_arrival_statue_moat, serial_curves, eino_curves_02,
          eino_curves_02, minmay_misc_feat_more_columns,
          minmay_tree_intersection
D:2:      gammafunk_temple_overflow_wave, first_bread,
          nemelex_lonely_heart_becter, uniq_robin, uniq_natasha, uniq_sigmund
D:3:      elyvilon_altar_5
D:4:      overflow_temple_1_default, lemuel_temple_firewalk_marked,
          serial_shops, shop, uniq_eustachio

Skill      XL: |  1  2  3  4  5  6 |
---------------+-------------------+-----
Dodging        | 3 4 |  4.6
Fighting       | 3 4 |  4.3
Unarmed Combat | 5 |  5.3
Stealth        | |  1.1

Action                   |  1- 3 |  4- 6 |  7- 9 || total
-------------------------+-------+-------+-------++-------
Melee: Unarmed           |    74 |   116 |     5 ||   195
  Use: Scroll            |     4 |    11 |       ||    15
       Potion            |       |       |     2 ||     2
 Stab: Sleeping          |     1 |     5 |       ||     6
  Eat: Chunk             |     5 |    16 |     1 ||    22
